 Dungeon Crawl Stone Soup version 0.30-a0-304-gdc4b735fe1 (webtiles) character file.

Game seed: 3653180011290859531

567 KennySheep the Conjurer (level 6, 0/45 HPs)
             Began as a Demigod Conjurer on Oct 21, 2022.
             Slain by a gnoll
             ... wielding a +2 war axe of flaming
              (6 damage)
             ... on level 5 of the Dungeon.
             The game lasted 00:18:45 (4231 turns).

KennySheep the Conjurer (Demigod Conjurer)          Turns: 4231, Time: 00:18:46

Health: 0/45       AC:  5    Str:  8    XL:     6   Next: 85%
Magic:  3/14       EV: 12    Int: 28    God:
Gold:   225        SH:  0    Dex: 12    Spells: 4/11 levels left

rFire   . . .      SeeInvis .    l - +0 quarterstaff
rCold   . . .      Faith    .    (shield currently unavailable)
rNeg    . . .      Spirit   .    a - +0 robe
rPois   .          Reflect  .    (no helmet)
rElec   .          Harm     .    o - +1 cloak "Pyopn" {Will+}
rCorr   .          Rampage  .    (no gloves)
Will    +....                    e - +0 pair of boots
Stlth   ++........               (no amulet)
HPRegen 0.27/turn                (no ring)
MPRegen 0.14/turn                (no ring)

@: invisible
A: high MP 1, forlorn, divine attributes
a: no special abilities


You were on level 5 of the Dungeon.
You visited 1 branch of the dungeon, and saw 5 of its levels.

You collected 225 gold pieces.

Inventory:

Hand Weapons
 l - a +0 quarterstaff (weapon)
Armour
 a - a +0 robe (worn)
 e - a +0 pair of boots (worn)
 o - the +1 cloak "Pyopn" (worn) {Will+}
   (You found it on level 2 of the Dungeon)

   Will:      It increases your willpower.
Jewellery
 p - an amulet of regeneration
Wands
 t - a wand of paralysis (13)
Scrolls
 c - 3 scrolls of teleportation {unknown}
 h - a scroll of enchant armour {unknown}
 i - 2 scrolls of summoning {unknown}
 k - 2 scrolls of fear {unknown}
 m - 3 scrolls of identify {unknown}
 n - 2 scrolls of vulnerability {unknown}
 r - a scroll of poison {unknown}
 u - a scroll of immolation {unknown}
Potions
 f - 2 potions of lignification {unknown}
 g - 2 potions of curing
 j - a potion of brilliance {unknown}
 q - 2 potions of flight {unknown}
 s - a potion of berserk rage {unknown}
 v - a potion of degeneration {unknown}


   Skills:
 - Level 1.7 Dodging
 - Level 1.7 Stealth
 + Level 3.2 Spellcasting
 * Level 5.7 Conjurations
 * Level 4.1 Translocations


You had 4 spell levels left.
You knew the following spells:

 Your Spells              Type           Power      Damage    Failure   Level
a - Magic Dart            Conj           100%       1d8       1%          1
b - Searing Ray           Conj           72%        2d7       1%          2
c - Iskenderun's Mystic   Conj/Tloc      32%        2d8       11%         4

Your spell library contained the following spells:

 Spells                   Type           Power      Damage    Failure   Level
 Dazzling Flash           Conj/Hex       40%        N/A       8%          3
 Fulminant Prism          Conj/Hex       10%        3d9       24%         4


Dungeon Overview and Level Annotations

Branches:
Dungeon (5/15)
 Temple: D:4-7

Annotations:
D:4 exclusion: ogre
D:5 Blork the orc


Innate Abilities, Weirdness & Mutations

You have an increased reservoir of magic. (+10% MP)
You shall have no god before yourself.
Your divine heritage dramatically boosts your attributes as you level up.


Message History

You kill the orc priest!
You hear a splash. x2
Why would you want to do that?
Unknown command.
You miss something.
Blork the orc mumbles some strange words.
Blork the orc seems to speed up.
You closely miss something. Something hits you.
* * * LOW HITPOINT WARNING * * *
The scorpion splashes around in the water.
Something hits you.
* * * LOW HITPOINT WARNING * * *
Casting: Iskenderun's Mystic Blast (quite dangerous; 12% risk of failure)
Confirm with . or Enter, or press ? or * to list all spells.
The spell is quite dangerous to miscast (12% risk of failure)!
Continue anyway?
You erupt in a blast of force!
The mystic blast hits Blork the orc!
Blork the orc is heavily wounded.
Blork the orc is knocked back by the mystic blast.
Blork the orc slams into the rock wall!
Blork the orc is heavily wounded.
The mystic blast hits the orc!
You kill the orc!
The mystic blast hits the scorpion!
You kill the scorpion!
The mystic blast hits the gnoll!
The gnoll is almost dead.
The gnoll is knocked back by the mystic blast.
The gnoll slams into the rock wall!
The gnoll is almost dead.
The mystic blast hits something!
You hear a splash. x2
Reactivating autopickup.
You feel a bit more experienced.
Your Translocations skill increases to level 4!
Okay, then.
You fade into invisibility!
The gnoll barely misses you.
Blork the orc casts a cantrip, but nothing happens.
The gnoll hits you with a +2 war axe of flaming.
You die...

....)....# .......
.........# #.... .
.........# #..# .
.....).<.######.#
............o.)..)##
))###.#####.####)).#
...g#.# ###≈≈≈≈o)#
#.#.# ####g..#
#o..########..@.##
##.!..o............#
##g###.##########.#
#..o.<# .. ####### .


You could see Blork the orc (fast, unable to see you) and a gnoll (unable to see
you).

Vanquished Creatures
  A scorpion (D:5)
  2 hounds
  2 jellies (D:5)
  An orc priest (D:5)
  2 orc wizards (D:5)
  10 adders
  9 gnolls
  A white imp (D:4)
  2 ufetubi
  3 dart slugs
  8 orcs
  8 bats
  5 endoplasms
  4 giant cockroaches
  9 goblins
  7 hobgoblins
  12 jackals
  A quokka (D:1)
  11 ball pythons
  8 frilled lizards
  8 kobolds
  4 rats (D:1)
118 creatures vanquished.

Notes
Turn   | Place    | Note
-------+----------+-------------------------------------------
     0 | D:1      | KennySheep the Demigod Conjurer began the quest for the
                  | Orb.
     0 | D:1      | Reached XP level 1. HP: 14/14 MP: 5/5
     2 | D:1      | Noticed a vine stalker
     2 | D:1      | Noticed a merfolk
     4 | D:1      | Noticed a naga
     4 | D:1      | Noticed a demigod
     6 | D:1      | Noticed a vampire
     8 | D:1      | Noticed a formicid
    10 | D:1      | Noticed a felid
    10 | D:1      | Noticed a meteoran
    12 | D:1      | Noticed an armataur
    14 | D:1      | Noticed a tengu
    14 | D:1      | Noticed a human
    16 | D:1      | Noticed a ghoul
    16 | D:1      | Noticed a demonspawn
    18 | D:1      | Noticed a spriggan
    18 | D:1      | Noticed an elf
    20 | D:1      | Noticed a gargoyle
    20 | D:1      | Noticed an octopode
    22 | D:1      | Noticed a minotaur
    22 | D:1      | Noticed a draconian
    24 | D:1      | Noticed an ogre
    26 | D:1      | Noticed a felid
    26 | D:1      | Noticed a demonspawn
   448 | D:1      | Reached XP level 2. HP: 20/20 MP: 5/7
   505 | D:1      | Reached skill level 1 in Translocations
   873 | D:1      | Reached skill level 4 in Conjurations
  1040 | D:1      | Reached XP level 3. HP: 26/26 MP: 5/8
  1640 | D:2      | Learned a level 2 spell: Searing Ray
  1726 | D:2      | Reached XP level 4. HP: 30/33 MP: 3/10
  1882 | D:2      | Identified the +1 cloak "Pyopn" {Will+}
  2640 | D:3      | Reached XP level 5. HP: 32/38 MP: 2/11
  3369 | D:4      | Learned a level 4 spell: Iskenderun's Mystic Blast
  3413 | D:4      | Reached skill level 5 in Conjurations
  3638 | D:4      | Noticed an ogre
  4012 | D:5      | Entered Level 5 of the Dungeon
  4067 | D:5      | Noticed Blork the orc
  4071 | D:5      | Reached XP level 6. HP: 42/45 MP: 5/13
  4231 | D:5      | Slain by a gnoll

Illustrated notes

Levels and vault maps discovered:
D:1:      kb_arrival_jail, layout_loops_corners, minmay_octomino_e4
D:2:      layout_loops_ring
D:3:      layout_loops_ring
D:4:      minmay_chambers_of_fours, layout_basic, minmay_temple_entry_poolview,
          serial_curves, eino_curves_04, eino_curves_02, eino_curves_02
D:5:      layout_rooms, hangedman_decor_peaks_small,
          chequers_serial_rivers_micro_b, uniq_blork_the_orc, uniq_sigmund

Skill      XL: |  1  2  3  4  5  6 |
---------------+-------------------+-----
Translocations | 1 2 3 4 |  4.1
Spellcasting   | 2 3 |  3.2
Conjurations   | 4 5 |  5.7
Dodging        | |  1.7
Stealth        | |  1.7

Action                   |  1- 3 |  4- 6 || total
-------------------------+-------+-------++-------
Melee: Unarmed           |    38 |       ||    38
       Quarterstaff      |       |    10 ||    10
 Cast: Magic Dart        |    83 |    92 ||   175
       Searing Ray       |     2 |    10 ||    12
       Iskenderun's Myst |       |     4 ||     4
  Use: Potion            |       |     4 ||     4
 Stab: Sleeping          |     1 |       ||     1
Armor: Robe              |    23 |    18 ||    41
Dodge: Dodged            |    42 |    39 ||    81

Table legend: (Time is in decaauts)
 A = Elapsed time spent in this place.
 B = Non-inter-level travel time spent in this place.
 C = Inter-level travel time spent in this place.
 D = Time resting spent in this place.
 E = Time spent auto-exploring this place.
 F = Levels seen in this place.
 G = Mean time per level.
                   A        B        C        D        E       F      G
               +--------+--------+--------+--------+--------+-----+--------+
         Total |   4233 |   4134 |     99 |    399 |   3201 |   5 |  846.6 |
       Dungeon |   4233 |   4134 |     99 |    399 |   3201 |   5 |  846.6 |
               +--------+--------+--------+--------+--------+-----+--------+

Top non-repeatable levels by time:
     D:1: 1552 daAuts
     D:2: 940 daAuts
     D:4: 883 daAuts
     D:3: 747 daAuts
     D:5: 109 daAuts
